 Dungeon Crawl Stone Soup version 0.31-a0-844-gdc52ec4e09 (webtiles) character file.

Game seed: 204837283900637144

207 BinkBink the Ruffian (level 5, -1/49 HPs)
             Began as a Troll Shapeshifter on Sept 29, 2023.
             Slain by an ufetubus (4 damage)
             ... on level 4 of the Dungeon.
             The game lasted 00:04:42 (2475 turns).

BinkBink the Ruffian (Troll Shapeshifter)           Turns: 2475, Time: 00:04:43

Health: -1/49      AC:  4    Str: 22    XL:     5   Next: 54%
Magic:  4/4        EV: 10    Int:  6    God:
Gold:   87         SH:  0    Dex: 11    Spells: 4/4 levels left

rFire   . .          .
                       - Unarmed
rCold   . . .        (no shield)
rNeg    . . .        a - +0 animal skin
rPois   .            (helmet currently unavailable)
rElec   .            (cloak currently unavailable)
rCorr   .            (gloves unavailable)
SInv    .            (boots unavailable)
Will    .....        (no amulet)
Stlth   +            (no ring)
HPRegen 1.08/turn    (no ring)
MPRegen 0.09/turn

%: no passive effects
@: mighty, beast-form, hasted, very quick
A: beast (slay +2), large, unfitting armour, claws 3, regeneration 1, shaggy fur
1, tough skin 1
a: Begin Untransformation


You were on level 4 of the Dungeon.
You were a hulking beast.
You visited 1 branch of the dungeon, and saw 4 of its levels.

You collected 153 gold pieces.
You spent 66 gold pieces at shops.

Inventory:

Armour
 a - a +0 animal skin (worn)
Talismans
 c - a beast talisman (active)
 d - a flux talisman
Scrolls
 e - a scroll of torment {unknown}
 g - 6 scrolls of identify
 i - 3 scrolls of silence {unknown}
 j - a scroll of revelation {unknown}
 k - 2 scrolls of poison {unknown}
 l - 2 scrolls of enchant armour {unknown}
 m - 2 scrolls of fear {unknown}
 n - a scroll of teleportation {unknown}
 p - a scroll of enchant weapon {unknown}
 r - a scroll of vulnerability {unknown}
 s - 2 scrolls of blinking {unknown}
Potions
 b - a potion of lignification
 f - a potion of mutation {unknown}
 h - a potion of haste
 o - a potion of degeneration {unknown}
 q - a potion of might
 t - a potion of curing {unknown}


   Skills:
 + Level 2.2 Fighting
 + Level 2.7 Dodging
 + Level 4.0 Unarmed Combat
 + Level 3.9 Shapeshifting


You had 4 spell levels left.
You didn't know any spells.
Your spell library contained the following spells:

 Spells                   Type           Power      Damage    Failure   Level
 Scorch                   Fire           0%         2d5       58%         2
 Flame Wave               Conj/Fire      0%         2d4       99%         4
 Summon Cactus Giant      Summ           0%         N/A       100%        6


Dungeon Overview and Level Annotations

Branches:
Dungeon (4/15)
 Temple: D:4-7

Altars:

Shops:
D:1 !   D:2 !*:


Innate Abilities, Weirdness & Mutations

You are a hulking beast.
Your limbs bulge with bestial killing power. (Slay +2)
You are too large for most types of armour.
You have claws for hands.
Your natural rate of healing is unusually fast.
You are covered in fur. (AC +1)
You have tough skin. (AC +1)


Message History

The ufetubus hits you but does no damage.
The ufetubus barely misses you. The gnoll attacks as it pursues you!
The gnoll hits you with a +0 whip. The gnoll attacks as it pursues you!
The gnoll hits you but does no damage. The gnoll attacks as it pursues you!
The gnoll hits you from afar with a +0 spear.
The gnoll is no longer moving quickly. x2; The gnoll attacks as it pursues you!
The gnoll hits you with a +0 whip.
The gnoll bouda barks out a call to the hunt!
The gnolls pick up the pace!
The gnoll hits you with a +0 whip.
The gnoll hits you from afar with a +0 spear.
The gnoll misses you. The gnoll attacks as it pursues you!
The gnoll hits you but does no damage. The gnoll barely misses you.
The gnoll attacks as it pursues you! The gnoll hits you with a +0 whip.
The gnoll attacks as it pursues you!
The gnoll hits you from afar with a +0 spear.
The gnoll attacks as it pursues you!
The gnoll hits you from afar with a +0 spear.
* * * LOW HITPOINT WARNING * * *
The gnoll hits you with a +0 whip.
* * * LOW HITPOINT WARNING * * *
You feel very mighty all of a sudden. The gnoll barely misses you.
The gnoll hits you but does no damage.
You mangle the gnoll!!
You kill the gnoll!
The gnoll hits you from afar with a +0 spear!
* * * LOW HITPOINT WARNING * * *
You barely miss the ufetubus. The ufetubus barely misses you.
The ufetubus closely misses you. The gnoll barely misses you.
The gnoll attacks as it pursues you! The gnoll barely misses you.
The ufetubus hits you but does no damage.
The ufetubus hits you.
* * * LOW HITPOINT WARNING * * *
Okay, then.
It was a potion of haste.
You feel yourself speed up. The ufetubus hits you.
* * * LOW HITPOINT WARNING * * *
The ufetubus hits you.
You die...

#######..............##
##.. #..####.........#
#. #.## #.........## #
###.#####..........#
#...[.##...........##
##......#............#
#...................##
###
#.......[..##......##
#.##
#.........h##.....##
#..#
##.........5###...##
#.....
#..###..........g###<.##
##<....
...##...........gg#####
#......
...#.)..#.......#.##
.......
#..#...###.........##
....... #.....##
###.....#..# #......
#....## ##....##.##
#...g ##..## ##...##..##
#..


You could see a gnoll bouda, 2 gnolls and an ufetubus.

Vanquished Creatures
  A hound (D:4)
  An iguana (D:4)
  Terence (D:2)
  Robin (D:3)
  A gnoll (D:4)
  3 adders
  2 dart slugs
  A bat (D:2)
  10 endoplasms
  3 giant cockroaches
  15 goblins
  9 hobgoblins
  3 jackals (D:3)
  2 quokkas
  5 ball pythons
  5 frilled lizards
  9 kobolds
  7 rats
79 creatures vanquished.

Notes
Turn   | Place    | Note
-------+----------+-------------------------------------------
     0 | D:1      | BinkBink the Troll Shapeshifter began the quest for the
                  | Orb.
     0 | D:1      | Reached XP level 1. HP: 18/18 MP: 0/0
   166 | D:1      | Reached skill level 1 in Fighting
   171 | D:1      | Reached XP level 2. HP: 10/27 MP: 1/1
   206 | D:1      | Found a faded altar of an unknown god.
   297 | D:1      | Found Wujiacu's Distillery.
   606 | D:2      | Noticed Terence
   612 | D:2      | Killed Terence
   613 | D:2      | Reached XP level 3. HP: 26/33 MP: 2/2
   630 | D:2      | Found Hamuluzi's Distillery.
   722 | D:2      | Found Ojeet's Book Boutique.
   779 | D:2      | Found Naonn's General Store.
   788 | D:2      | Bought a scroll of identify for 26 gold pieces
   846 | D:2      | Identified the +1 mace of the Blue God {drain, *Corrode rC+
                  | Will+ Dex+3}
  1039 | D:2      | Reached XP level 4. HP: 41/41 MP: 3/3
  1415 | D:2      | Bought a potion of might for 40 gold pieces
  1688 | D:3      | Noticed Robin
  1723 | D:3      | Killed Robin
  1922 | D:3      | Reached XP level 5. HP: 49/49 MP: 4/4
  2259 | D:4      | Reached skill level 4 in Unarmed Combat
  2475 | D:4      | Slain by an ufetubus

Illustrated notes

Levels and vault maps discovered:
D:1:      ncdulo_halloftheorcs, layout_basic, shapermc_ecumenical_altar_venn,
          serial_shops, nicolae_shop_industrial_runoff, kennysheep_flooded_box
D:2:      layout_basic, serial_shops, shop, nicolae_shop_hallway_stairs, shop,
          uniq_terence
D:3:      layout_basic, grunt_decor_fettered, uniq_robin
D:4:      layout_cave_pods

Skill      XL: |  1  2  3  4  5 |
---------------+----------------+-----
Fighting       | 1 2 |  2.2
Dodging        | 2 |  2.7
Unarmed Combat | 4 |  4.0
Shapeshifting  | |  3.9

Action                     |  1- 3 |  4- 6 || total
---------------------------+-------+-------++-------
  Melee: Unarmed           |    72 |   100 ||   172
         Punch             |       |     2 ||     2
    Use: Potion            |       |     2 ||     2
   Stab: Sleeping          |     2 |       ||     2
 Armour: Animal skin       |    33 |    87 ||   120
  Dodge: Dodged            |    20 |    61 ||    81

Table legend: (Time is in decaauts)
 A = Elapsed time spent in this place.
 B = Non-inter-level travel time spent in this place.
 C = Inter-level travel time spent in this place.
 D = Time resting spent in this place.
 E = Time spent auto-exploring this place.
 F = Levels seen in this place.
 G = Mean time per level.
                   A        B        C        D        E       F      G
               +--------+--------+--------+--------+--------+-----+--------+
         Total |   2463 |   2411 |     52 |      0 |   1962 |   4 |  615.8 |
       Dungeon |   2463 |   2411 |     52 |      0 |   1962 |   4 |  615.8 |
               +--------+--------+--------+--------+--------+-----+--------+

Top non-repeatable levels by time:
     D:2: 976 daAuts
     D:1: 581 daAuts
     D:3: 527 daAuts
     D:4: 378 daAuts
